[Event "Live Chess"]
[Site "Chess.com"]
[Date "2023.05.20"]
[Round "-"]
[White "HonestJoe1"]
[Black "smoggyrabbit"]
[Result "1-0"]
[WhiteElo "2124"]
[BlackElo "1700"]
[TimeControl "300"]
[EndTime "14:59:03 PDT"]
[Termination "HonestJoe1 won by resignation"]

1. d4 e6 2. e4 d5 3. e5 c5 4.
Qg4 cxd4 5. Nf3 Nc6 6. Bd3 Nge7 7. O-O Ng6 8. Re1 Qc7 9. Qg3 Be7 10. c3 dxc3 11.
Nxc3 O-O 12. h4 Bb4 13. h5 Nge7 14. Bh6 g6 15. Bxf8 d4 16. Bxe7 Qxe7 17. Ne4 Bxe1 18. Rxe1 Bd7 19. Nf6+ Kg7 20. h6+ Kh8 21. Nxd7 Qxd7 22. Qg5 Qe7 23. Qxe7 Nxe7 24. Rc1 Nc6 25. Be4 Rc8 26. Bxc6 bxc6 27. Nxd4 c5 28. Nb3 Kg8 29.
Rxc5 Rxc5 30. Nxc5 Kf8 31. Ne4 Ke7 32. Nf6 1-0

[Event "Live Chess"]
[Site "Chess.com"]
[Date "2023.05.20"]
[Round "-"]
[White "Man-Del-Brot"]
[Black "diana21strabt"]
[Result "0-1"]
[WhiteElo "1123"]
[BlackElo "1696"]
[TimeControl "300"]
[EndTime "14:59:14 PDT"]
[Termination "diana21strabt won on time"]

1. Nf3 Nf6 2. b3 g6 3. Bb2 Bg7 4. d3 O-O 5. e3 c6 6. Nbd2 Qb6 7.
Nc4 Qc7 8. Be2 d5 9. Ncd2 Bg4 10. Nd4 Bxe2 11. Nxe2 e5 12. Ng3 Nbd7 13. Qe2 a5 14. a4 b5 15. c4 dxc4 16. bxc4 b4 17.
Nb3 Qd6 18. O-O Rfd8 19. Rfd1 Nc5 20. Nxc5 Qxc5 21. Ne4 Nxe4 22. dxe4 Qb6 23. Rac1 Rxd1+ 24. Rxd1 Rd8 25. Rxd8+ Qxd8 26. h3 Qd6 27. Qc2 Kf8 28. c5 Qe6 29. Qd3 Bf6 30. Kh1 Be7 31. Kh2 Ke8 32.
f4 f6 33. f5 Qd7 34. fxg6 hxg6 35. Qxd7+ Kxd7 36. Kg3 Bxc5 37. Kf3 Ke6 38. g4 Be7 39. h4 c5 40. g5 fxg5 41. hxg5 Bxg5 42. Kg4 Bxe3 43.
Kf3 Bd4 44. Bc1 b3 45. Ke2 b2 46. Bxb2 Bxb2 47. Kd2 g5 48. Kc2 g4 49. Kxb2 g3 50.
Kc2 g2 51. Kc3 g1=Q 52. Kc4 Qd4+ 53. Kb5 Qb4+ 0-1

[Event "Live Chess"]
[Site "Chess.com"]
[Date "2023.05.20"]
[Round "-"]
[White "chessfiction"]
[Black "WilliamofOrange16th"]
[Result "1-0"]
[WhiteElo "2346"]
[BlackElo "1836"]
[TimeControl "300"]
[EndTime "14:59:17 PDT"]
[Termination "chessfiction won by resignation"]

1. e4 d6 2. d4 Nf6 3. Nc3 Nbd7 4.
f4 e5 5. Nf3 exd4 6. Nxd4 g6 7.
Bc4 Bg7 8. O-O O-O 9. Kh1 Re8 10. Be3 Nxe4 11. Qf3 Nxc3 12. bxc3 c6 13. f5 d5 14.
fxg6 fxg6 15. Bd3 Ne5 16. Qg3 Nxd3 17. cxd3 Rf8 18. Bg5 Qe8 19. Rfe1 Qf7 20. h4 Bf6 21. Bh6 Re8 22. h5 Bg7 23. Rxe8+ Qxe8 24. Bxg7 Kxg7 25. Re1 Qf7 26. Qe5+ Kg8 27. h6 Bf5 28. Nxf5 gxf5 29. Qg3+ Qg6 30. Qxg6+ hxg6 31. Re7 Rb8 32. Kh2 a5 33.
Kg3 g5 34. Kf3 b5 35. Ke3 b4 36. Kd4 bxc3 37. Kxc3 a4 38. Kd4 Rb2 39. Ra7 Rxa2 40. Ke5 Rxg2 41. Kf6 Rh2 42. Kg6 Kf8 43. h7 g4 44. Rf7+ Ke8 45. Rxf5 Rxh7 46. Kxh7 a3 47. Rf2 g3 48. Ra2 Kd7 49. Rxa3 Kd6 50. d4 g2 51.
Rg3 c5 52. Rg6+ Kd7 53. dxc5 d4 54. Rxg2 Kc6 55. Rc2 d3 56. Rd2 Kxc5 57. Rxd3 Kc4 58.
Rg3 1-0

[Event "Live Chess"]
[Site "Chess.com"]
[Date "2023.05.20"]
[Round "-"]
[White "mikkyb4"]
[Black "Tushinskiy"]
[Result "0-1"]
[WhiteElo "1008"]
[BlackElo "2141"]
[TimeControl "300"]
[EndTime "14:59:18 PDT"]
[Termination "Tushinskiy won by resignation"]

1. e4 e5 2. Nc3 d6 3. Bc4 Nf6 4.
d3 Be7 5. f4 Bg4 6. Nf3 Nbd7 7.
f5 c6 8. h3 Bxf3 9. Qxf3 b5 10. Bb3 a5 11. a3 Nc5 12. Ba2 b4 13. axb4 axb4 14. Ne2 b3 15. cxb3 Nxb3 16. Be3 Nxa1 17. Bxf7+ Kxf7 18. O-O Nc2 19. Bd2 Qb6+ 20. Kh2 Qxb2 21.
Bc3 Qb3 22. d4 Nxd4 23. Nxd4 exd4 24. e5 dxe5 25. Qxc6 Qd5 26. Qxd5+ Nxd5 0-1

[Event "Live Chess"]
[Site "Chess.com"]
[Date "2023.05.20"]
[Round "-"]
[White "blowerd"]
[Black "GEMdzq"]
[Result "0-1"]
[WhiteElo "1385"]
[BlackElo "2248"]
[TimeControl "300"]
[EndTime "14:59:19 PDT"]
[Termination "GEMdzq won by checkmate"]

1. e4 d6 2. Nf3 Nf6 3. Nc3 g6 4.
Bc4 Bg7 5. d3 O-O 6. Bg5 c5 7.
O-O Nc6 8. Re1 h6 9. Bxf6 Bxf6 10.
a3 a6 11. Na4 b5 12. Bb3 bxa4 13. Bxa4 Bd7 14. c3 Rb8 15. Re2 Ne5 16. Bxd7 Nxf3+ 17. gxf3 Qxd7 18. f4 Qg4+ 19. Kh1 Qxf4 20. Re3 Be5 21.
Rh3 Rxb2 22. d4 cxd4 23. cxd4 Qxe4+ 24. f3 Qf5 25. Rxh6 Bxd4 26. Rh8+ Bxh8 27. Qg1 Qxf3+ 28.
Qg2 Qxg2# 0-1

[Event "Live Chess"]
[Site "Chess.com"]
[Date "2023.05.20"]
[Round "-"]
[White "hturner40"]
[Black "MrBlond89"]
[Result "1-0"]
[WhiteElo "1803"]
[BlackElo "1374"]
[TimeControl "300"]
[EndTime "14:59:20 PDT"]
[Termination "hturner40 won on time"]

1. e4 e5 2. Nf3 Nc6 3. c3 d5 4. Qa4 dxe4 5. Nxe5 Bd7 6. Nxd7 Qxd7 7. Qxe4+ Be7 8. d4 Nf6 9. Qf3 O-O 10. Bd3 Rae8 11. O-O Bd6 12. Bg5 Ng4 13. Bf5 Bxh2+ 14. Kh1 Qd6 15. Bxg4 h5 16. Bxh5 Re6 17. Qh3 Bf4 18.
Bxf4 Qxf4 19. Qg4 Qh6 20. Na3 Ne7 21. Rae1 Rxe1 22. Rxe1 Nc6 23. Qh3 Qd2 24. Qe3 Qxb2 25. Nc4 Qxa2 26. Ne5 Nxe5 27. dxe5 Qd5 28. Bf3 Qe6 29.
Bxb7 a5 30. Qf3 a4 31. Bd5 1-0

[Event "Live Chess"]
[Site "Chess.com"]
[Date "2023.05.20"]
[Round "-"]
[White "PiotrJanas"]
[Black "sebmoran1"]
[Result "1-0"]
[WhiteElo "1580"]
[BlackElo "1357"]
[TimeControl "300"]
[EndTime "14:59:31 PDT"]
[Termination "PiotrJanas won by resignation"]

1. d4 Nf6 2. Nc3 e6 3. Bf4 d5 4. e3 Bd6 5. Qf3 Bxf4 6. Qxf4 Nc6 7. Nb5 O-O 8. Qxc7 Qxc7 9. Nxc7 Rb8 10. Nb5 Nb4 11. Bd3 Nxd3+ 12. cxd3 a6 13. Nc3 Bd7 14. Nf3 Rfc8 15. O-O b5 16. Ne5 b4 17. Nxd7 Nxd7 18. Na4 Nb6 19. Nxb6 Rxb6 20. Rac1 Rbc6 21. Rxc6 Rxc6 22.
g3 Rc2 23. Rb1 Rd2 24. Kg2 Rxd3 25. Kf3 Rd2 26. h4 Rc2 27. e4 dxe4+ 28. Kxe4 Rxf2 29. a3 bxa3 30. bxa3 g6 31. Rb6 Re2+ 32. Kf3 Rd2 33. Rxa6 Rxd4 34. a4 Rd3+ 35. Kf4 Kg7 36. a5 e5+ 37.
Kg4 Rd4+ 38. Kf3 e4+ 39. Ke3 Rd3+ 40. Kxe4 Rxg3 41. Rb6 Rg4+ 42. Kd5 Rxh4 43. a6 Rh5+ 44. Kc6 Ra5 45. Kb7 h5 46. a7 h4 47. Ra6 Re5 48. a8=Q Re7+ 49. Kc6 Re6+ 50. Kd5 Rf6 51. Rxf6 Kxf6 52. Qc6+ 1-0

[Event "Live Chess"]
[Site "Chess.com"]
[Date "2023.05.20"]
[Round "-"]
[White "CameronM1234"]
[Black "Hussamalhaidar"]
[Result "0-1"]
[WhiteElo "1104"]
[BlackElo "1025"]
[TimeControl "300"]
[EndTime "14:59:36 PDT"]
[Termination "Hussamalhaidar won by checkmate"]

1. e4 Nc6 2. Nf3 e5 3. g3 Bc5 4.
Bg2 d6 5. c3 Bg4 6. a4 a6 7. b4 Ba7 8. b5 Na5 9. bxa6 bxa6 10.
Qe2 c5 11. Qxa6 c4 12. Na3 Bxf2+ 13. Kxf2 Rxa6 14. Nb5 Qb6+ 15. Ke1 Nb3 16. Rb1 Rxa4 17. Rxb3 cxb3 18. Na3 Rxa3 19. Bxa3 b2 20. Bxb2 Qxb2 21. h3 Bxf3 22. Bxf3 Qc1+ 23. Bd1 Nf6 24. Ke2 Ke7 25. Re1 Nxe4 26. Bb3 Qxd2+ 27. Kf1 Nxg3+ 28. Kg1 Qxe1+ 29. Kg2 e4 30. Bc4 f5 31. Bf1 Nxf1 32. c4 e3 33. Kf3 e2 34. c5 Nh2+ 35. Ke3 Qd1 36. cxd6+ Kxd6 37. h4 Re8+ 38. Kf4 e1=Q 39. Kxf5 Qf3+ 40.
Kg5 Qg1# 0-1

[Event "Live Chess"]
[Site "Chess.com"]
[Date "2023.05.20"]
[Round "-"]
[White "Salpingidis"]
[Black "CheckThis4"]
[Result "0-1"]
[WhiteElo "2238"]
[BlackElo "2546"]
[TimeControl "300"]
[EndTime "14:59:42 PDT"]
[Termination "CheckThis4 won by resignation"]

1. d4 Nf6 2. c4 e5 3. dxe5 Ng4 4.
Nf3 Bc5 5. e3 Nc6 6. Be2 O-O 7.
O-O Re8 8. b3 Ncxe5 9. Nxe5 Nxe5 10. Bb2 Bf8 11. Nc3 a5 12. f4 Nc6 13. Nd5 Nb4 14.
Rf3 Ra6 15. f5 Nxd5 16. cxd5 Rh6 17. f6 g6 18. Qd4 b6 19. e4 Bc5 0-1

[Event "Live Chess"]
[Site "Chess.com"]
[Date "2023.05.20"]
[Round "-"]
[White "raminguy"]
[Black "LiamBellwood"]
[Result "1/2-1/2"]
[WhiteElo "1953"]
[BlackElo "2074"]
[TimeControl "300"]
[EndTime "14:59:57 PDT"]
[Termination "Game drawn by repetition"]

1. d4 e6 2. Nc3 Bb4 3. Nf3 f5 4. Bg5 Nf6 5. Qd3 Bxc3+ 6. bxc3 h6 7. Bd2 b6 8. e3 Bb7 9. Ne5 O-O 10. f3 d6 11. Ng6 Re8 12. Be2 Ba6 13. c4 d5 14.
Qb3 Nc6 15. O-O Ne7 16. Ne5 dxc4 17. Bxc4 Bxc4 18. Qxc4 Ned5 19. Rfe1 a6 20. e4 b5 21. Qb3 fxe4 22. fxe4 Nb6 23. c3 Na4 24. Rac1 c5 25.
Be3 Rc8 26. Qd1 Nxe4 27. Qh5 Nf6 28. Qf7+ Kh7 29. Qg6+ Kg8 30. Qf7+ Kh7 31. Qg6+ Kg8 32. Qf7+ 1/2-1/2

[Event "Live Chess"]
[Site "Chess.com"]
[Date "2023.05.20"]
[Round "-"]
[White "Stanbad1"]
[Black "LodeshChess"]
[Result "1-0"]
[WhiteElo "2392"]
[BlackElo "1069"]
[TimeControl "300"]
[EndTime "15:00:00 PDT"]
[Termination "Stanbad1 won by resignation"]

1. d4 Nf6 2. Nc3 e6 3. e4 Bb4 4. e5 Bxc3+ 5. bxc3 Nd5 6. Qg4 g6 7. c4 Nb4 8. Bg5 O-O 9. Bxd8 Rxd8 10. Bd3 a6 11. a3 1-0

[Event "Live Chess"]
[Site "Chess.com"]
[Date "2023.05.20"]
[Round "-"]
[White "Conradical12"]
[Black "ViktorTheCoolBoy"]
[Result "0-1"]
[WhiteElo "1597"]
[BlackElo "2507"]
[TimeControl "300"]
[EndTime "15:00:05 PDT"]
[Termination "ViktorTheCoolBoy won by resignation"]

1. e4 d5 2. exd5 Qxd5 3. Nc3 Qd6 4. Nf3 Nf6 5. Bc4 g6 6. d3 Bg7 7. Be3 O-O 8. Qd2 a6 9. O-O-O b5 10. Bb3 Bb7 11. Bh6 Nbd7 12. Bxg7 Kxg7 13. h4 c5 14. a3 h5 15. Ne4 Nxe4 16. dxe4 Bxe4 17. Qxd6 exd6 18. Rxd6 Bxf3 19. gxf3 Ne5 20. f4 Ng4 21.
f3 Nh6 22. Bd5 Rad8 23. Rxd8 Rxd8 24. Bb7 a5 25. Bc6 b4 26. axb4 axb4 27. Re1 Nf5 28. Re5 c4 29. Be4 Nxh4 30. f5 gxf5 31. Bxf5 Nxf3 32.
Re3 Nd4 33. Rg3+ Kh6 34. Be4 Ne2+ 0-1

[Event "Live Chess"]
[Site "Chess.com"]
[Date "2023.05.20"]
[Round "-"]
[White "WelshTiger"]
[Black "jk0110"]
[Result "1-0"]
[WhiteElo "2389"]
[BlackElo "1118"]
[TimeControl "300"]
[EndTime "15:00:08 PDT"]
[Termination "WelshTiger won by checkmate"]

1. e4 e5 2. Nf3 Nc6 3. d4 Nxd4 4. Nxe5 d6 5. Qxd4 dxe5 6. Qxe5+ Ne7 7. Bc4 Be6 8. Bxe6 fxe6 9. Qxe6 Qd6 10. Qxd6 cxd6 11.
Nc3 O-O-O 12. Be3 d5 13. exd5 Nxd5 14. Nxd5 Rxd5 15. Bxa7 Bb4+ 16. c3 Re8+ 17. Be3 Bc5 18. Rd1 Rxd1+ 19. Kxd1 Bxe3 20. fxe3 Rxe3 21. Re1 Rd3+ 22.
Kc2 Rd7 23. a4 Kc7 24. Re2 b6 25. b4 Kb7 26. Kb3 Rc7 27. Re6 Ka7 28. g4 g5 29.
Rh6 Ka6 30. a5 Rb7 31. Rxb6+ Rxb6 32. axb6 Kxb6 33. c4 Kc6 34. Kc3 Kb6 35. b5 Kc7 36. Kd4 Kd6 37. c5+ Kc7 38. Kd5 Kb7 39. Kd6 h5 40. gxh5 g4 41. h6 g3 42. hxg3 Ka7 43.
h7 Kb7 44. h8=Q Ka7 45. b6+ Kb7 46. Qa1 Kb8 47. c6 Kc8 48. Qh8# 1-0

[Event "Live Chess"]
[Site "Chess.com"]
[Date "2023.05.20"]
[Round "-"]
[White "Long1968"]
[Black "Shepherds_Pie"]
[Result "0-1"]
[WhiteElo "1206"]
[BlackElo "1926"]
[TimeControl "300"]
[EndTime "15:00:13 PDT"]
[Termination "Shepherds_Pie won on time"]

1. e4 e6 2. d3 d5 3. Nd2 Nf6 4. g3 c5 5. Bg2 Nc6 6. Ngf3 Be7 7. O-O dxe4 8. dxe4 O-O 9. Re1 e5 10. Qe2 Nd4 11. Nxd4 cxd4 12. Nf3 h6 13. Nxe5 Re8 14. Nf3 Bc5 15. Qd3 Bg4 16. h3 Bd7 17. Bf4 Bc6 18. Ne5 Rc8 19. Nxc6 Rxc6 20. e5 Nd5 21. Qf3 Nb4 22.
Rec1 d3 23. cxd3 Nxd3 24. Rd1 Nxe5 25. Rxd8 Nxf3+ 26. Bxf3 Rxd8 27. Bxc6 bxc6 0-1

[Event "Live Chess"]
[Site "Chess.com"]
[Date "2023.05.20"]
[Round "-"]
[White "McSlash1"]
[Black "JoshMcK"]
[Result "0-1"]
[WhiteElo "2012"]
[BlackElo "1563"]
[TimeControl "300"]
[EndTime "15:00:25 PDT"]
[Termination "JoshMcK won by resignation"]

1. e4 c6 2. d4 d5 3. Nc3 dxe4 4. Nxe4 Nf6 5. Nxf6+ exf6 6. Nf3 Bd6 7. Bd3 O-O 8.
O-O Nd7 9. h3 Re8 10. Re1 Nf8 11. c4 Ne6 12. d5 cxd5 13. cxd5 Nc5 14. Bc2 Bd7 15. b4 Na6 16. Qd3 g6 17. Bh6 Nxb4 18.
Qc3 Nxc2 19. Qxc2 Bf5 20. Qb2 Rxe1+ 21. Rxe1 Qb6 22. Qe2 Bd7 23. Kh1 Bb5 24. Qd2 Bd7 25. Qc3 Bb4 26. Qe3 Bxe1 27. Qxe1 Re8 28. Qd2 Qb1+ 29.
Kh2 Qe4 30. Qb2 Qe7 31. Qxb7 Qd6+ 32. g3 Re2 33. Kg2 Re8 34. Bf4 Qe7 35. d6 Bxh3+ 0-1

[Event "Live Chess"]
[Site "Chess.com"]
[Date "2023.05.20"]
[Round "-"]
[White "GMHarry-youtube"]
[Black "LanceMaster23"]
[Result "0-1"]
[WhiteElo "2021"]
[BlackElo "1871"]
[TimeControl "300"]
[EndTime "15:00:50 PDT"]
[Termination "LanceMaster23 won by checkmate"]

1. e4 c5 2. Nf3 Nc6 3. Bb5 Qc7 4. O-O d6 5. d4 cxd4 6. Nxd4 a6 7. Nxc6 bxc6 8. Bc4 Nf6 9. f3 e6 10. c3 d5 11. Bd3 Be7 12. Nd2 O-O 13. Qc2 e5 14. c4 d4 15. a3 a5 16. b3 Be6 17. a4 Rab8 18. Ba3 Bxa3 19. Rxa3 Qe7 20. Ra2 Rb4 21. f4 Ng4 22. Rf3 exf4 23. Nf1 Ne3 24. Qd2 Rxb3 25. Rxf4 Rfb8 26. Nxe3 dxe3 27. Qe2 Qc5 28. Rc2 Rxd3 29. h3 Rd2 30. Rxd2 exd2+ 31. Kh2 Qd6 32. e5 d1=Q 33. Qe3 Q6d2 34. Qe4 Rb2 35. Qxc6 Qxf4# 0-1

[Event "Live Chess"]
[Site "Chess.com"]
[Date "2023.05.20"]
[Round "-"]
[White "jagbama"]
[Black "1600x"]
[Result "0-1"]
[WhiteElo "1131"]
[BlackElo "1801"]
[TimeControl "300"]
[EndTime "15:00:52 PDT"]
[Termination "1600x won on time"]

1. e4 d5 2. exd5 Qxd5 3. Nc3 Qe6+ 4. Qe2 Nf6 5. Nf3 c6 6. d4 Qxe2+ 7. Bxe2 Bf5 8. Bd3 Bxd3 9. cxd3 e6 10. O-O h5 11. d5 cxd5 12. Nb5 Na6 13. Bg5 Nd7 14. d4 Rc8 15. Nxa7 Rc2 16. Rab1 Rc4 17. b3 Rc3 18.
Nb5 Rc2 19. a3 Ra2 20. Rfc1 f6 21. Bf4 Kf7 22. Nd6+ Bxd6 23. Bxd6 g5 24. h4 g4 25. Ne1 Rd2 26. Bc5 Rc8 27. b4 b5 28. Nc2 Nab8 29.
Ne3 Ra2 30. Ra1 Rxa1 31. Rxa1 Nc6 32. a4 Ra8 33. a5 Nxc5 0-1

[Event "Live Chess"]
[Site "Chess.com"]
[Date "2023.05.20"]
[Round "-"]
[White "EdenHazard8"]
[Black "Biranidun"]
[Result "0-1"]
[WhiteElo "2044"]
[BlackElo "2766"]
[TimeControl "300"]
[EndTime "15:00:57 PDT"]
[Termination "Biranidun won by checkmate"]

1. e4 c5 2. Nf3 d6 3. d4 cxd4 4.
Nxd4 Nf6 5. Nc3 g6 6. f3 Bg7 7. Be3 O-O 8. Qd2 Nc6 9. O-O-O d5 10. Kb1 Nxd4 11. Bxd4 dxe4 12. fxe4 Bg4 13. Be2 Be6 14. Bf3 Qc7 15. e5 Nd7 16. Rhe1 Nxe5 17. Qf4 f6 18. Bd5 Bf7 19. Bxf7+ Rxf7 20. Nd5 Qc6 21. Qe4 Rc8 22. Bxe5 fxe5 23. Rf1 Bf6 24. Rf2 Kg7 25. Rdf1 Rd8 26. Nc3 Qxe4 27. Nxe4 Rff8 28. Nc5 Rd6 29. Nxb7 Rd5 30. c4 Rd4 31. Nc5 Kf7 32.
b3 Rc8 33. Na4 e4 34. Re2 Rb8 35. Kc2 Kg8 36. Rfe1 Rbd8 37. Nc3 e3 38. Nd5 Kf7 39. Nxe3 e6 40. g4 R8d6 41. Rf1 Kg7 42. Ng2 g5 43. Ne3 Kg6 44. h3 Re4 45. c5 Rc6 46. Rf3 Rxc5+ 47. Kd3 Rd4# 0-1

[Event "Live Chess"]
[Site "Chess.com"]
[Date "2023.05.20"]
[Round "-"]
[White "f4nomore"]
[Black "CeladonFish"]
[Result "1-0"]
[WhiteElo "1416"]
[BlackElo "1165"]
[TimeControl "300"]
[EndTime "15:01:14 PDT"]
[Termination "f4nomore won by checkmate"]

1. b3 Nf6 2. Bb2 g6 3. e3 Bg7 4. Nf3 d5 5. Be2 c5 6. O-O Bf5 7.
d4 cxd4 8. Nxd4 Ne4 9. Nd2 Nxd2 10. Qxd2 O-O 11. Nxf5 Bxb2 12. Nh6+ Kg7 13. Rab1 Kxh6 14.
Rxb2 Kg7 15. Qd4+ Kg8 16. Bf3 e6 17. Rbb1 Nc6 18. Qd2 Re8 19. Rbc1 Ne5 20. Be2 Nc6 21. c4 dxc4 22. Qxd8 Raxd8 23. Bxc4 a6 24. Be2 Rd2 25. Bf3 Rc8 26. a4 Rb2 27. Rc3 Kg7 28.
h3 Rc7 29. Rfc1 f6 30. Bxc6 bxc6 31. Rxc6 Rxc6 32. Rxc6 Rxb3 33. Rxa6 e5 34. Ra7+ Kf8 35. a5 Ke8 36. a6 Kd8 37. Rxh7 Ra3 38. a7 Kc8 39. a8=Q+ Rxa8 40. Rh8+ Kb7 41. Rxa8 Kxa8 42. Kf1 Kb7 43. Ke2 Kc6 44. Kd3 Kd5 45. e4+ Ke6 46. g3 f5 47. exf5+ Kxf5 48. Ke3 g5 49. f3 Kf6 50. Ke4 Ke6 51. h4 gxh4 52. gxh4 Kf6 53. h5 Kf7 54. Kxe5 Kg7 55. Kf5 Kh6 56. Kg4 Kg7 57.
Kg5 Kh7 58. f4 Kg7 59. f5 Kh7 60. f6 Kg8 61. Kg6 Kh8 62. h6 Kg8 63. f7+ Kf8 64. h7 Ke7 65. h8=Q Ke6 66. Qe8+ Kd5 67. f8=Q Kd4 68. Qd6+ Kc4 69. Qc8+ Kb5 70. Qdc6+ Ka5 71. Q8a6+ Kb4 72. Qab6+ Ka3 73. Qa8# 1-0

[Event "Live Chess"]
[Site "Chess.com"]
[Date "2023.05.20"]
[Round "-"]
[White "Ed_Knox"]
[Black "wadsy27"]
[Result "0-1"]
[WhiteElo "1435"]
[BlackElo "2560"]
[TimeControl "300"]
[EndTime "15:01:14 PDT"]
[Termination "wadsy27 won by resignation"]

1. d4 d5 2. Bf4 Nf6 3. e3 c5 4.
Nf3 Nc6 5. Nbd2 Bg4 6. Be2 e6 7. c3 Rc8 8. h3 Bh5 9. O-O Bd6 10. Bxd6 Qxd6 11. dxc5 Qxc5 12. Nb3 Qe7 13. Nbd4 O-O 14. Nxc6 bxc6 15. Ne5 Bxe2 16. Qxe2 Nd7 17. Nd3 c5 18. b3 c4 19. bxc4 Rxc4 20. Rfc1 Rfc8 21. Qd2 Nf6 22. f3 Qa3 23. Ne5 Rxc3 24. Rxc3 Qxc3 25. Qxc3 Rxc3 26. Rb1 h6 27. Rb3 Rxb3 28. axb3 Kf8 29.
Nc6 Ke8 30. Nxa7 Kd7 31. Nb5 Kc6 32. Nd4+ Kc5 33. Kf2 Kb4 34. f4 Ne4+ 35. Kf3 Nc5 36. f5 Nxb3 37. Nxb3 Kxb3 38. fxe6 fxe6 39. Kf4 Kc3 40. Ke5 Kd3 41. Kxe6 Kxe3 42. Kxd5 Kf2 43. g4 Kg3 44. Ke5 Kxh3 45. Kf5 g5 46. Kg6 Kxg4 47. Kxh6 Kh4 48. Kg6 g4 49. Kf5 g3 50. Kf4 g2 51. Kf3 g1=Q 0-1

[Event "Live Chess"]
[Site "Chess.com"]
[Date "2023.05.20"]
[Round "-"]
[White "Pablo_dmp"]
[Black "CheckThis4"]
[Result "0-1"]
[WhiteElo "1872"]
[BlackElo "2547"]
[TimeControl "300"]
[EndTime "15:01:21 PDT"]
[Termination "CheckThis4 won by resignation"]

1. e4 d5 2. exd5 Nf6 3. c4 e6 4.
dxe6 Bxe6 5. Be2 Nc6 6. Nc3 Bc5 7. Nf3 Nd4 8. Nxd4 Qxd4 9. O-O O-O-O 10. d3 Qh4 11. Be3 Bd6 12. g3 Qh3 13. Bf3 Ng4 14. Bxg4 Bxg4 0-1

[Event "Live Chess"]
[Site "Chess.com"]
[Date "2023.05.20"]
[Round "-"]
[White "diana21strabt"]
[Black "mikkyb4"]
[Result "1-0"]
[WhiteElo "1696"]
[BlackElo "1007"]
[TimeControl "300"]
[EndTime "15:01:36 PDT"]
[Termination "diana21strabt won by checkmate"]

1. e4 g6 2. Nf3 Bg7 3. d4 d6 4. Be3 Nf6 5. Nc3 Nc6 6. h3 a6 7. Qd2 b5 8. a3 Bb7 9. Bh6 O-O 10.
Bxg7 Kxg7 11. g4 h6 12. g5 Nxe4 13. Nxe4 h5 14. d5 Nb8 15. Qd4+ e5 16. dxe6+ Kh7 17. Nf6+ Kh8 18. Nxh5+ Kg8 19. Qg7# 1-0

[Event "Live Chess"]
[Site "Chess.com"]
[Date "2023.05.20"]
[Round "-"]
[White "ranvir123"]
[Black "Cimon"]
[Result "0-1"]
[WhiteElo "923"]
[BlackElo "1830"]
[TimeControl "300"]
[EndTime "15:01:43 PDT"]
[Termination "Cimon won by resignation"]

1. e4 c5 2. Nf3 Nc6 3. d4 cxd4 4. Nxd4 Nf6 5. Nxc6 bxc6 6. Nc3 e5 7.
Bg5 Be7 8. Bc4 d6 9. Bxf6 Bxf6 10. Qh5 O-O 11. O-O-O Rb8 12. g4 Qb6 13. Na4 Qb4 14. b3 d5 15. exd5 cxd5 16. Rxd5 Be6 17. c3 Qa3+ 18. Kc2 Bxd5 19. Bxd5 Qxa2+ 20. Kd3 Qxf2 21. g5 Qf5+ 22. Kc4 Qxg5 23. Qxg5 Bxg5 24. Rg1 Rfc8+ 25. Kd3 Bf4 26. Rf1 Rd8 27. Ke4 h5 28. h4 Rxd5 29. Kxd5 Rxb3 30. Rc1 Bxc1 0-1

[Event "Live Chess"]
[Site "Chess.com"]
[Date "2023.05.20"]
[Round "-"]
[White "LiamBellwood"]
[Black "LodeshChess"]
[Result "1-0"]
[WhiteElo "2074"]
[BlackElo "1069"]
[TimeControl "300"]
[EndTime "15:01:43 PDT"]
[Termination "LiamBellwood won by checkmate"]

1. d4 Nf6 2. Nc3 d5 3. Bf4 c6 4. e3 Bf5 5. f3 e6 6. g4 Bg6 7. h4 h6 8. Bd3 Bxd3 9. Qxd3 Bb4 10. Ne2 O-O 11. g5 Nh5 12. gxh6 Nxf4 13. Nxf4 g6 14.
Nxg6 fxg6 15. Qxg6+ Kh8 16. Qg7# 1-0

[Event "Live Chess"]
[Site "Chess.com"]
[Date "2023.05.20"]
[Round "-"]
[White "LiamClery2020"]
[Black "therealab0ne"]
[Result "1-0"]
[WhiteElo "2089"]
[BlackElo "694"]
[TimeControl "300"]
[EndTime "15:01:53 PDT"]
[Termination "LiamClery2020 won by resignation"]

1. e4 c5 2. Nf3 Nc6 3. Bb5 Nf6 4. Bxc6 bxc6 5. d3 g6 6. O-O Bg7 7. Re1 O-O 8. Nc3 d5 9. e5 Nd7 10. e6 fxe6 11. Bg5 Bf6 12. Bxf6 Nxf6 13. Qd2 d4 14. Ne4 Nxe4 15. Rxe4 Rxf3 16. gxf3 Qf8 17. Rf4 Qh6 18.
Rd1 e5 19. Re4 Qh5 20. Qe2 Bh3 21. Rxe5 Qh4 22. Qe4 Qxe4 23. Rxe4 Rf8 24. Rxe7 Rf7 25. Rxf7 Kxf7 26. c3 Ke6 27. Rc1 Bf5 28. cxd4 cxd4 29.
Rxc6+ Kd5 30. Ra6 Bxd3 31. Rxa7 h5 32. f4 Bf5 33. f3 d3 34. Kf2 Kd4 35. Ra4+ Kd5 36.
Ke3 1-0

[Event "Live Chess"]
[Site "Chess.com"]
[Date "2023.05.20"]
[Round "-"]
[White "MarkLim1"]
[Black "Jo1ts"]
[Result "1-0"]
[WhiteElo "1666"]
[BlackElo "765"]
[TimeControl "300"]
[EndTime "15:01:54 PDT"]
[Termination "MarkLim1 won by resignation"]

1. d4 d5 2. Nf3 Nf6 3. c4 Bf5 4. cxd5 Nxd5 5. Nc3 Nxc3 6. bxc3 Nd7 7. Bf4 g6 8. Qb3 b6 9. Ne5 Bg7 10. Nxd7 Qxd7 11. f3 c5 12. e4 Be6 13. d5 Bf5 14. exf5 Qxf5 15. Be2 Qxf4 16. O-O O-O 17. Rad1 Qe3+ 18.
Kh1 Rad8 19. Bc4 Qxc3 20. Rfe1 Qxb3 21. axb3 e6 22. dxe6 fxe6 23. Rxd8 Rxd8 24. Rxe6 Rd1+ 25. Re1+ 1-0

[Event "Live Chess"]
[Site "Chess.com"]
[Date "2023.05.20"]
[Round "-"]
[White "raimundklein"]
[Black "AbilifyXL"]
[Result "0-1"]
[WhiteElo "1498"]
[BlackElo "1972"]
[TimeControl "300"]
[EndTime "15:02:13 PDT"]
[Termination "AbilifyXL won by resignation"]

1. e4 d5 2. exd5 Qxd5 3. Nc3 Qa5 4. d4 c6 5. Bc4 Nf6 6. Ne2 Bf5 7. Bd2 Nbd7 8. Ng3 Bg6 9. O-O e6 10. f4 Qb6 11.
Be3 Qxb2 12. f5 Qxc3 13. fxg6 Qxc4 14. gxf7+ Kxf7 15. Qh5+ Ke7 16. Qh4 Kd8 17. Rf2 Bd6 18. Ne4 Be7 19. Ng5 Qc3 20. Nf7+ Kc8 21. Nxh8 Qxa1+ 22. Rf1 Qc3 23. Bf2 Qxc2 24. Nf7 Qe4 25. Qh3 Qf5 26. Qb3 Qd5 27. Qh3 h6 28. Bh4 Qxd4+ 29. Bf2 Qd5 30. Nh8 Bc5 31. Ng6 Bxf2+ 32. Rxf2 Kc7 33. Ne7 Qd1+ 34. Rf1 Qd4+ 35. Kh1 Qc4 36. Re1 Re8 37. Ng6 e5 38. Nh4 Kb8 39. Nf5 Qf7 40. Nd6 Qe6 41. Nxe8 Qxh3 42. gxh3 Nxe8 43. Kg2 Nef6 44. Kf3 Kc7 45. Rg1 g5 46. h4 g4+ 47.
Ke3 Kd6 48. Rb1 b6 49. Rd1+ Ke6 50. Rc1 c5 51. Rc4 Nd5+ 52. Kf2 N7f6 53. Ra4 a5 54. Ra3 h5 55. Rd3 e4 56. Rd1 e3+ 57. Ke2 Nc3+ 58. Kxe3 Nxd1+ 59. Kf4 Nc3 0-1

[Event "Live Chess"]
[Site "Chess.com"]
[Date "2023.05.20"]
[Round "-"]
[White "SupremeTactician"]
[Black "parcellforce"]
[Result "1-0"]
[WhiteElo "2367"]
[BlackElo "1385"]
[TimeControl "300"]
[EndTime "15:02:16 PDT"]
[Termination "SupremeTactician won by resignation"]

1. e4 e5 2. Nf3 Nc6 3. Nc3 Nf6 4. Bb5 a6 5. Bxc6 dxc6 6. Nxe5 Nxe4 7. Nxe4 Qd4 8. O-O Qxe5 9. d4 Qd5 10. b3 Be6 11.
Re1 Qd7 12. Ng5 Be7 13. Nxe6 fxe6 14. Qh5+ g6 15. Qe5 O-O-O 16. Qxe6 Qxe6 17. Rxe6 Rhe8 18. Bb2 Bf8 19. Rae1 Rxe6 20. Rxe6 Bg7 21. c3 c5 22. Re7 cxd4 23. cxd4 Bxd4 24. Bxd4 Rxd4 25. g3 Rd7 26. Re8+ Rd8 27. Re2 b6 28. f4 Rd7 29. Kf2 Kd8 30. Kf3 Re7 31. Rd2+ Rd7 32. Rc2 c5 33. g4 Kc7 34. f5 Rf7 35. Kf4 h5 36. h3 hxg4 37.
hxg4 gxf5 38. gxf5 Kc6 39. Ke5 Kd7 40. Rd2+ Kc7 41.
Ke6 Rf8 42. f6 Kc6 43. Ke7 Ra8 44. Rd6+ Kb5 45. f7 a5 46. f8=Q Rxf8 47. Kxf8 Ka6 48.
Ke7 Kb5 49. Kd7 1-0